Description

This build order in really easy to execute. He is designed for beginners or new player who want a solid build order to improve and to reach a good level.

The goal is to do play defensively and reach a strong Colossus/Carrier composition.

This build can be done against Zerg, Terran or Protoss with almost no variation from Bronze to Master. The build is really effective and he already helped many Protoss to go to diamond or Master.

The only variation is the position of the wall.

Why i did this build order ?

  • Easy to do for beginners
  • Universal: Can be done against Zerg, Terran and Protoss
  • Easy to understand
  • Help you to improve your mechanics by focusing on macro
  • Macro oriented
  • Include scouting timing to help you learning how to scout
  • Can be done from bronze to master
  • Really powerful against most of cheese/All-in

Few tips :

  • Do you first 3 buildings inside your wall
  • Don't commit on micro, macro is the most important thing
  • Never stop probe production (except if you want a precise tech or an expand)
  • Too many minerals = more shield batteries
  • Gas is REALLY important in this build because you will play heavy tech.
  • Focus on one simple army composition: Colossus / Void then Colossus / Carrier.
  • Learn to scout step by step: Understand why he is taking gas, why he doesn't expand etc...

This build is designed to be good in defense and on the late game. The hardest part is probably the mid game. You can use it without adaptation until master 1.

VOD

https://youtu.be/xNUfONbi6Qg

Replay - zuka v zulema - Pillars of Gold LE

Build Order

Get SALT Encoding   

  12  0:00  Probe  
  13  0:12  Probe  
  14  0:18  Pylon  
  14  0:24  Probe (Chrono Boost)  
  15  0:37  Probe (Chrono Boost)  
  15  0:41  Gateway  
  16  0:42  Probe (Chrono Boost)  
  17  0:50  Assimilator  
  17  0:54  Probe (Chrono Boost)  
  18  1:06  Probe (Chrono Boost)  
  18  1:09  Assimilator  
  19  1:14  Probe (Chrono Boost)  
  20  1:21  Probe  
  21  1:30  Cybernetics Core  
  21  1:33  Probe  
  22  1:40  Pylon  
  23  2:05  Nexus  
  23  2:11  Stalker (Chrono Boost)  
  25  2:17  Warp Gate  
  26  2:30  Stargate  
  27  2:41  Stalker  
  29  2:48  Pylon  
  30  3:03  Shield Battery  
  31  3:11  Oracle (Chrono Boost)  
  36  3:26  Robotics Facility  
  36  3:34  Void Ray (Chrono Boost)  
  44  3:50  Assimilator  
  44  4:01  Assimilator  
  45  4:04  Void Ray  
  51  4:23  Immortal, Pylon  
  54  4:40  Robotics Bay  
  56  4:48  Void Ray  
  56  4:51  Pylon  
  62  5:09  Observer (Chrono Boost)  
  64  5:15  Nexus  
  64  5:29  Colossus (Chrono Boost)  
  64  5:35  Observer  
  70  5:38  Void Ray (Chrono Boost)  
  70  5:45  Extended Thermal Lance  
  78  6:12  Void Ray (Chrono Boost)  
  78  6:13  Shield Battery  
  78  6:18  Colossus (Chrono Boost)  
  93  6:42  Fleet Beacon  
  95  6:55  Colossus (Chrono Boost)  
  107  7:23  Carrier (Chrono Boost)  
  117  7:37  Stargate  
  118  7:46  Assimilator x2  
  118  7:49  Observer  
  117  7:53  Protoss Air Weapons Level 1 (Chrono Boost)  
  117  7:55  Stalker  
  113  8:04  Observer (Chrono Boost)  
  112  8:25  Forge  
  115  8:36  Carrier (Chrono Boost)  
  125  9:01  Carrier (Chrono Boost)  
  133  9:03  Photon Cannon x2  
  133  9:09  Photon Cannon  
  134  9:11  Shield Battery  
  136  9:18  Stargate  
  136  9:22  Cybernetics Core  
  137  9:26  Photon Cannon  
  139  9:35  Carrier (Chrono Boost)  
  149  9:59  Void Ray (Chrono Boost)  
Spawning Tool Build Advisor. Get it on Overwolf

Go to:

Details

  • Created by: zuka      
  • Published on: Sep 11, 2020
  • Modified on: Sep 23, 2020
  • Patch: 4.11.0
  • Difficulty: Easy
Show
View Real Time Build Order
Export as new Build Order

Comments (0)

There are no comments. Be the first!

Create an account to comment!